 Dungeon Crawl Stone Soup version 0.30-a0-748-ge6a52f7cba (webtiles) character file.

Game seed: 11889600040812077056

46 Aneyh the Trooper (level 3, 0/24 HPs)
             Began as a Tengu Monk on Feb 8, 2023.
             Succumbed to an adder's poison
             ... on level 2 of the Dungeon.
             The game lasted 00:01:33 (790 turns).

Aneyh the Trooper (Tengu Monk)                       Turns: 790, Time: 00:01:34

Health: 0/24       AC:  2    Str: 13    XL:     3   Next: 66%
Magic:  4/4        EV: 13    Int: 10    God:
Gold:   59         SH:  0    Dex: 16    Spells: 2/2 levels left

rFire   . . .      SeeInvis .    a - +0 spear
rCold   . . .      Faith    .    (no shield)
rNeg    . . .      Spirit   .    g - +0 robe
rPois   .          Reflect  .    (helmet restricted)
rElec   .          Harm     .    (no cloak)
rCorr   .          Rampage  .    (no gloves)
Will    .....                    (boots unavailable)
Stlth   ++                       (no amulet)
HPRegen 0.24/turn                (no ring)
MPRegen 0.09/turn                (no ring)

@: lethally poisoned (0 -> -4)
A: beak, talons 3
a: no special abilities


You were on level 2 of the Dungeon.
You visited 1 branch of the dungeon, and saw 2 of its levels.

You collected 59 gold pieces.

Inventory:

Hand Weapons
 a - a +0 spear (weapon)
 b - a +2 vampiric short sword
 f - a +0 long sword
Armour
 g - a +0 robe (worn)
Scrolls
 d - a scroll of identify {unknown}
 e - a scroll of magic mapping {unknown}
 i - 2 scrolls of fear {unknown}
 j - a scroll of teleportation {unknown}
Potions
 c - a potion of ambrosia
 h - a potion of attraction {unknown}


   Skills:
 + Level 4.5 Fighting
 - Level 3.2 Polearms
 - Level 3.2 Dodging
 - Level 2.0 Stealth


You had 2 spell levels left.
You didn't know any spells.
Your spell library contained the following spells:

 Spells                   Type           Power      Damage    Failure   Level
 Dazzling Flash           Conj/Hex       0%         N/A       75%         3
 Agony                    Necr           0%         N/A       100%        5
 Silence                  Hex/Air        0%         N/A       100%        5


Dungeon Overview and Level Annotations

Branches:
Dungeon (2/15)

Altars:


Innate Abilities, Weirdness & Mutations

You have a beak for a mouth.
You have claws for feet.


Message History

The adder is heavily wounded.
The adder bites you.
You are poisoned.
The adder poisons you!
You miss the adder.
The adder is heavily wounded.
You feel sick. The adder bites you.
You miss the adder. You claw the adder.
The adder is severely wounded.
You feel sick. The adder bites you. The jackal misses you. The adder bites you.
You feel sick.
You closely miss the jackal.
You feel sick. The jackal barely misses you.
You hit the jackal but do no damage. You claw the jackal.
You kill the jackal!
You hit the jackal but do no damage. You claw the jackal.
You kill the jackal!
You feel sick.
You are no longer poisoned.
You hit the adder but do no damage. Your kick misses the adder.
The adder is severely wounded.
The adder closely misses you.
You barely miss the adder. Your peck misses the adder.
The adder is severely wounded.
The adder bites you.
* * * LOW HITPOINT WARNING * * *
You are lethally poisoned!
The adder poisons you! The adder barely misses you.
You hit the adder. You claw the adder.
You kill the adder!
* * * LOW HITPOINT WARNING * * *
You feel sick.
You hit the jackal but do no damage. You claw the jackal, but do no damage.
You peck the jackal.
The jackal is severely wounded.
* * * LOW HITPOINT WARNING * * *
You feel sick. The jackal bites you.
* * * LOW HITPOINT WARNING * * *
You hit the jackal.
You kill the jackal!
You die...

.....####.#
#..#.. #....
###.# ..#..
#.#.###..<#
###....
#...#...###
#...[.. #.....###
#...... ##..####
#...... #...#
#......#### #...#
.......†@.###.#.#
#...(.###.......#
#?... #####.###
#... ### ###


There were no monsters in sight!

Vanquished Creatures
  An adder (D:2)
  A dart slug (D:1)
  2 bats (D:1)
  2 endoplasms
  A giant cockroach (D:1)
  5 goblins (D:1)
  3 hobgoblins
  3 jackals (D:2)
  4 kobolds (D:1)
  7 ball pythons
  3 frilled lizards
  2 rats (D:1)
34 creatures vanquished.

Notes
Turn   | Place    | Note
-------+----------+-------------------------------------------
     0 | D:1      | Aneyh the Tengu Monk began the quest for the Orb.
     0 | D:1      | Reached XP level 1. HP: 14/14 MP: 2/2
   132 | D:1      | Reached XP level 2. HP: 19/19 MP: 3/3
   176 | D:1      | Found a faded altar of an unknown god.
   349 | D:1      | Reached skill level 4 in Fighting
   371 | D:1      | Reached XP level 3. HP: 23/24 MP: 4/4
   789 | D:2      | HP: 1/24 [jackal (3)]
   790 | D:2      | Succumbed to an adder's poison

Illustrated notes

Levels and vault maps discovered:
D:1:      sevenhm_arrival_forest_fort_large_2, layout_loops_cross,
          basic_ecumenical_altar, minmay_fountain_box
D:2:      layout_rooms

Skill      XL: |  1  2 |
---------------+-------+-----
Fighting       | 4 |  4.5
Polearms       | |  3.2
Dodging        | |  3.2
Stealth        | |  2.0

Action                     || total
---------------------------++-------
  Melee: Spear             ||    76
         Kick              ||    16
         Peck              ||     7
         Punch             ||     1
   Stab: Sleeping          ||     8
 Armour: Robe              ||     3
  Dodge: Dodged            ||    24

Table legend: (Time is in decaauts)
 A = Elapsed time spent in this place.
 B = Non-inter-level travel time spent in this place.
 C = Inter-level travel time spent in this place.
 D = Time resting spent in this place.
 E = Time spent auto-exploring this place.
 F = Levels seen in this place.
 G = Mean time per level.
                   A        B        C        D        E       F      G
               +--------+--------+--------+--------+--------+-----+--------+
         Total |    784 |    776 |      8 |      5 |    584 |   2 |  392.0 |
       Dungeon |    784 |    776 |      8 |      5 |    584 |   2 |  392.0 |
               +--------+--------+--------+--------+--------+-----+--------+

Top non-repeatable levels by time:
     D:1: 683 daAuts
     D:2: 101 daAuts
